Workbook

Sheet 別記様式
B1: 1 | C1: 2 | D1: 3 | E1: 4 | F1: 5 | G1: 6 | H1: 7 | I1: 8 | J1: 9 | K1: 10 | L1: 11 | M1: 12 | N1: 13 | O1: 14 | P1: 15 | Q1: 16 | R1: 17 | S1: 18 | T1: 19 | U1: 20 | V1: 21 | W1: 22 | X1: 23 | Y1: 24 | Z1: 25 | AA1: 26 | AB1: 27 | AC1: 28 | AD1: 29 | AE1: 30 | AF1: 31 | AG1: 32 | AH1: 33 | AI1: 34 | AJ1: 35 | AK1: 36
C2: 別記様式
Y3: 番 | Z3: 号
Z5: 令和 | AB5: 8 | AD5: 年 | AE5: 7 | AG5: 月 | AH5: 8 | AJ5: 日
D6: 区 市 町 村 長 | L6: 殿
K8: 主 | L8: 主たる事務所の所在地 | T8: 東京都多摩市永山1-5ﾍﾞﾙﾌﾞ永山209号
O9: 法 人 名 | T9: 学校法人織田学園
N10: 施設・事業所名 | T10: おだ学園保育園
N11: 代 表 者 名 | T11: 園長 鈴木 陽子
B14: 保育士等キャリアアップ補助金等に係る財務情報等公表様式の提出について
C17: 保育士等キャリアアップ補助金等に係る財務情報等公表要領の２（４）及び３（２）アに基づき、財務情報等公表様式を提出します。
B18: します。
S20: 記
C22: １ 添付書類
C23: 様式１、様式２及び様式３
C25: ２ 公表方法等
D26: 施設・事業所での公表開始日 | Q26: 公表方法 | AB26: 掲示場所
Q28: 施設内に掲示 | AB28: 事務室の前
E30: 令和 | G30: 8 | I30: 年 | J30: 7 | L30: 月 | M30: 9 | O30: 日
E34: 職員への周知日 | Q34: 職員への周知方法
Q36: 職員会議にて説明。 公表形式を確認した職員は職員会議議事録に 押印。
E38: 令和 | G38: 8 | I38: 年 | J38: 7 | L38: 月 | M38: 9 | O38: 日
N43: 担当者 | P43: 氏 名 | S43: 北村 尚子
S44: 電 話 | W44: 042-357-8100
P45: 連絡先 | S45: ＦＡＸ | W45: 042-319-3650
S46: e-mail | W46: nagayama@odakids.com

Sheet 様式1-1(HP掲載PDF)認可・認定・家庭・小・居宅・事業
A1: 様式１－１
A2: 【財務情報等の公表】
A3: 施設（事業）種別 | E3: ='様式3-1（都提出Excel）認可・認定・家庭・小・居宅・事'!E3 -> 認可保育所 | F3: 設置主体 | G3: ='様式3-1（都提出Excel）認可・認定・家庭・小・居宅・事'!G3 -> 学校法人織田学園 | H3: 事業所名 | K3: ='様式3-1（都提出Excel）認可・認定・家庭・小・居宅・事'!K3:P3 -> おだ学園保育園
A5: 施設（事業）の収支【令和７年度実績】
B6: 科目 | K6: 前年度 | N6: 交付対象年度
A7: 事業活動による収支 | B7: 給付費・委託費収入 | K7: ='様式3-1（都提出Excel）認可・認定・家庭・小・居宅・事'!K7:M7 -> 162296824 | N7: ='様式3-1（都提出Excel）認可・認定・家庭・小・居宅・事'!N7:P7 -> 169620452
B8: 保育士等キャリアアップ補助金収入 | K8: ='様式3-1（都提出Excel）認可・認定・家庭・小・居宅・事'!K8:M8 -> 8048000 | N8: ='様式3-1（都提出Excel）認可・認定・家庭・小・居宅・事'!N8:P8 -> 8451000
B9: 保育サービス推進事業補助金収入 | K9: ='様式3-1（都提出Excel）認可・認定・家庭・小・居宅・事'!K9:M9 -> 4158000 | N9: ='様式3-1（都提出Excel）認可・認定・家庭・小・居宅・事'!N9:P9 -> 6187000
B10: その他の補助金収入 | K10: ='様式3-1（都提出Excel）認可・認定・家庭・小・居宅・事'!K10:M10 -> 0 | N10: ='様式3-1（都提出Excel）認可・認定・家庭・小・居宅・事'!N10:P10 -> 0
B11: 利用料収入 | K11: ='様式3-1（都提出Excel）認可・認定・家庭・小・居宅・事'!K11:M11 -> 3142520 | N11: ='様式3-1（都提出Excel）認可・認定・家庭・小・居宅・事'!N11:P11 -> 4173606
B12: その他の収入（寄付金収入、雑収入等） | K12: ='様式3-1（都提出Excel）認可・認定・家庭・小・居宅・事'!K12:M12 -> 746978 | N12: ='様式3-1（都提出Excel）認可・認定・家庭・小・居宅・事'!N12:P12 -> 5846175
B13: 事業活動収入計 (1) | K13: ='様式3-1（都提出Excel）認可・認定・家庭・小・居宅・事'!K13:M13 -> 178392322 | N13: ='様式3-1（都提出Excel）認可・認定・家庭・小・居宅・事'!N13:P13 -> 194278233
B14: 人件費支出 | K14: ='様式3-1（都提出Excel）認可・認定・家庭・小・居宅・事'!K14:M14 -> 132889519 | N14: ='様式3-1（都提出Excel）認可・認定・家庭・小・居宅・事'!N14:P14 -> 146868826
B15: 職員給料支出 | K15: ='様式3-1（都提出Excel）認可・認定・家庭・小・居宅・事'!K15:M15 -> 67978837 | N15: ='様式3-1（都提出Excel）認可・認定・家庭・小・居宅・事'!N15:P15 -> 93311223
B16: 職員賞与支出 | K16: ='様式3-1（都提出Excel）認可・認定・家庭・小・居宅・事'!K16:M16 -> 10338009 | N16: ='様式3-1（都提出Excel）認可・認定・家庭・小・居宅・事'!N16:P16 -> 10646740
B17: 非常勤職員給与支出 | K17: ='様式3-1（都提出Excel）認可・認定・家庭・小・居宅・事'!K17:M17 -> 21087738 | N17: ='様式3-1（都提出Excel）認可・認定・家庭・小・居宅・事'!N17:P17 -> 19456177
B18: 派遣職員費支出 | K18: ='様式3-1（都提出Excel）認可・認定・家庭・小・居宅・事'!K18:M18 -> 12875626 | N18: ='様式3-1（都提出Excel）認可・認定・家庭・小・居宅・事'!N18:P18 -> 9723068
B19: 退職給付支出 | K19: ='様式3-1（都提出Excel）認可・認定・家庭・小・居宅・事'!K19:M19 -> 9595255 | N19: ='様式3-1（都提出Excel）認可・認定・家庭・小・居宅・事'!N19:P19 -> 0
... B26: 消耗器具備品費支出 | K26: ='様式3-1（都提出Excel）認可・認定・家庭・小・居宅・事'!K26:M26 -> 1473225 | N26: ='様式3-1（都提出Excel）認可・認定・家庭・小・居宅・事'!N26:P26 -> 1125621
B27: ='様式3-1（都提出Excel）認可・認定・家庭・小・居宅・事'!B27:J27 -> その他の支出【賃借料・保険料 】 | K27: ='様式3-1（都提出Excel）認可・認定・家庭・小・居宅・事'!K27:M27 -> 243901 | N27: ='様式3-1（都提出Excel）認可・認定・家庭・小・居宅・事'!N27:P27 -> 2295126
B28: 事務費支出 | K28: ='様式3-1（都提出Excel）認可・認定・家庭・小・居宅・事'!K28:M28 -> 27117086 | N28: ='様式3-1（都提出Excel）認可・認定・家庭・小・居宅・事'!N28:P28 -> 24780827
B29: 福利厚生費支出 | K29: ='様式3-1（都提出Excel）認可・認定・家庭・小・居宅・事'!K29:M29 -> 289373 | N29: ='様式3-1（都提出Excel）認可・認定・家庭・小・居宅・事'!N29:P29 -> 411008
B30: 旅費交通費支出 | K30: ='様式3-1（都提出Excel）認可・認定・家庭・小・居宅・事'!K30:M30 -> 202816 | N30: ='様式3-1（都提出Excel）認可・認定・家庭・小・居宅・事'!N30:P30 -> 359818
B31: 研修研究費支出 | K31: ='様式3-1（都提出Excel）認可・認定・家庭・小・居宅・事'!K31:M31 -> 107207 | N31: ='様式3-1（都提出Excel）認可・認定・家庭・小・居宅・事'!N31:P31 -> 254128
B32: 事務消耗品費支出 | K32: ='様式3-1（都提出Excel）認可・認定・家庭・小・居宅・事'!K32:M32 -> 530489 | N32: ='様式3-1（都提出Excel）認可・認定・家庭・小・居宅・事'!N32:P32 -> 553329
B33: 印刷製本費支出 | K33: ='様式3-1（都提出Excel）認可・認定・家庭・小・居宅・事'!K33:M33 -> 84160 | N33: ='様式3-1（都提出Excel）認可・認定・家庭・小・居宅・事'!N33:P33 -> 80360
B34: 水道光熱費支出 | F34: 利用者負担金収入 | K34: ='様式3-1（都提出Excel）認可・認定・家庭・小・居宅・事'!K34:M34 -> 0 | N34: ='様式3-1（都提出Excel）認可・認定・家庭・小・居宅・事'!N34:P34 -> 0
B35: 修繕費支出 | K35: ='様式3-1（都提出Excel）認可・認定・家庭・小・居宅・事'!K35:M35 -> 2826760 | N35: ='様式3-1（都提出Excel）認可・認定・家庭・小・居宅・事'!N35:P35 -> 2135774
B36: 通信運搬費支出 | F36: 利用者負担金収入 | K36: ='様式3-1（都提出Excel）認可・認定・家庭・小・居宅・事'!K36:M36 -> 397284 | N36: ='様式3-1（都提出Excel）認可・認定・家庭・小・居宅・事'!N36:P36 -> 357280
B37: 広告費支出 | F37: 利用者負担金収入 | K37: ='様式3-1（都提出Excel）認可・認定・家庭・小・居宅・事'!K37:M37 -> 289500 | N37: ='様式3-1（都提出Excel）認可・認定・家庭・小・居宅・事'!N37:P37 -> 158600
B38: 業務委託費支出 | F38: 利用者負担金収入 | K38: ='様式3-1（都提出Excel）認可・認定・家庭・小・居宅・事'!K38:M38 -> 582685 | N38: ='様式3-1（都提出Excel）認可・認定・家庭・小・居宅・事'!N38:P38 -> 1238959
B39: 賃借料支出 | F39: 利用者負担金収入 | K39: ='様式3-1（都提出Excel）認可・認定・家庭・小・居宅・事'!K39:M39 -> 0 | N39: ='様式3-1（都提出Excel）認可・認定・家庭・小・居宅・事'!N39:P39 -> 0
B40: 土地・建物賃借料支出 | F40: 利用者負担金収入 | K40: ='様式3-1（都提出Excel）認可・認定・家庭・小・居宅・事'!K40:M40 -> 24171180 | N40: ='様式3-1（都提出Excel）認可・認定・家庭・小・居宅・事'!N40:P40 -> 22304915
B41: 租税公課支出 | F41: 利用者負担金収入 | K41: ='様式3-1（都提出Excel）認可・認定・家庭・小・居宅・事'!K41:M41 -> 4450 | N41: ='様式3-1（都提出Excel）認可・認定・家庭・小・居宅・事'!N41:P41 -> 1300
B42: ='様式3-1（都提出Excel）認可・認定・家庭・小・居宅・事'!B42:J42 -> その他の支出【出版物・諸会費・手数料・保険料・渉外費・被服費・雑支出・資金支出調整金勘定】 | K42: ='様式3-1（都提出Excel）認可・認定・家庭・小・居宅・事'!K42:M42 -> -2368818 | N42: ='様式3-1（都提出Excel）認可・認定・家庭・小・居宅・事'!N42:P42 -> -3074644
B43: 事業活動支出計 (2) | K43: ='様式3-1（都提出Excel）認可・認定・家庭・小・居宅・事'!K43:M43 -> 172174871 | N43: ='様式3-1（都提出Excel）認可・認定・家庭・小・居宅・事'!N43:P43 -> 186055283
B44: 事業活動資金収支差額 (3)＝(1)－(2) | K44: ='様式3-1（都提出Excel）認可・認定・家庭・小・居宅・事'!K44:M44 -> 6217451 | N44: ='様式3-1（都提出Excel）認可・認定・家庭・小・居宅・事'!N44:P44 -> 8222950
A46: 施設整備等による収支 | B46: 施設整備等補助金収入 | K46: ='様式3-1（都提出Excel）認可・認定・家庭・小・居宅・事'!K46:M46 -> 0 | N46: ='様式3-1（都提出Excel）認可・認定・家庭・小・居宅・事'!N46:P46 -> 0
B47: 設備資金借入金収入 | K47: ='様式3-1（都提出Excel）認可・認定・家庭・小・居宅・事'!K47:M47 -> 0 | N47: ='様式3-1（都提出Excel）認可・認定・家庭・小・居宅・事'!N47:P47 -> 0
B48: その他施設整備等による収入（寄附金収入、固定資産売却収入等） | K48: ='様式3-1（都提出Excel）認可・認定・家庭・小・居宅・事'!K48:M48 -> 0 | N48: ='様式3-1（都提出Excel）認可・認定・家庭・小・居宅・事'!N48:P48 -> 0
B49: 施設整備等収入計 (4) | K49: ='様式3-1（都提出Excel）認可・認定・家庭・小・居宅・事'!K49:M49 -> 0 | N49: ='様式3-1（都提出Excel）認可・認定・家庭・小・居宅・事'!N49:P49 -> 0
B50: 設備資金借入金元金償還支出 | K50: ='様式3-1（都提出Excel）認可・認定・家庭・小・居宅・事'!K50:M50 -> 0 | N50: ='様式3-1（都提出Excel）認可・認定・家庭・小・居宅・事'!N50:P50 -> 0
B51: 固定資産取得支出 | K51: ='様式3-1（都提出Excel）認可・認定・家庭・小・居宅・事'!K51:M51 -> 0 | N51: ='様式3-1（都提出Excel）認可・認定・家庭・小・居宅・事'!N51:P51 -> 0
B52: その他施設整備等による支出 | F52: 利用者負担金収入 | K52: ='様式3-1（都提出Excel）認可・認定・家庭・小・居宅・事'!K52:M52 -> 0 | N52: ='様式3-1（都提出Excel）認可・認定・家庭・小・居宅・事'!N52:P52 -> 0
B53: 施設整備等支出計 (5) | K53: ='様式3-1（都提出Excel）認可・認定・家庭・小・居宅・事'!K53:M53 -> 0 | N53: ='様式3-1（都提出Excel）認可・認定・家庭・小・居宅・事'!N53:P53 -> 0
B54: 施設整備等資金収支差額 (6)＝(4)－(5) | K54: ='様式3-1（都提出Excel）認可・認定・家庭・小・居宅・事'!K54:M54 -> 0 | N54: ='様式3-1（都提出Excel）認可・認定・家庭・小・居宅・事'!N54:P54 -> 0
A56: その他の活動による収支 | B56: 積立資産取崩収入 | K56: ='様式3-1（都提出Excel）認可・認定・家庭・小・居宅・事'!K56:M56 -> 0 | N56: ='様式3-1（都提出Excel）認可・認定・家庭・小・居宅・事'!N56:P56 -> 0
B57: 事業区分間・拠点区分間・サービス区分間繰入金収入 | K57: ='様式3-1（都提出Excel）認可・認定・家庭・小・居宅・事'!K57:M57 -> 0 | N57: ='様式3-1（都提出Excel）認可・認定・家庭・小・居宅・事'!N57:P57 -> 0
B58: その他の活動による収入 | K58: ='様式3-1（都提出Excel）認可・認定・家庭・小・居宅・事'!K58:M58 -> 0 | N58: ='様式3-1（都提出Excel）認可・認定・家庭・小・居宅・事'!N58:P58 -> 0
B59: その他の活動収入計 (7) | K59: ='様式3-1（都提出Excel）認可・認定・家庭・小・居宅・事'!K59:M59 -> 0 | N59: ='様式3-1（都提出Excel）認可・認定・家庭・小・居宅・事'!N59:P59 -> 0
B60: 積立資産支出 | K60: ='様式3-1（都提出Excel）認可・認定・家庭・小・居宅・事'!K60:M60 -> 0 | N60: ='様式3-1（都提出Excel）認可・認定・家庭・小・居宅・事'!N60:P60 -> 0
B61: 事業区分間・拠点区分間・サービス区分間繰入金支出 | K61: ='様式3-1（都提出Excel）認可・認定・家庭・小・居宅・事'!K61:M61 -> 0 | N61: ='様式3-1（都提出Excel）認可・認定・家庭・小・居宅・事'!N61:P61 -> 0
B62: その他の活動による支出 | K62: ='様式3-1（都提出Excel）認可・認定・家庭・小・居宅・事'!K62:M62 -> 1301398 | N62: ='様式3-1（都提出Excel）認可・認定・家庭・小・居宅・事'!N62:P62 -> 4459386
B63: その他の活動支出計 (8) | K63: ='様式3-1（都提出Excel）認可・認定・家庭・小・居宅・事'!K63:M63 -> 1301398 | N63: ='様式3-1（都提出Excel）認可・認定・家庭・小・居宅・事'!N63:P63 -> 4459386
B64: その他の活動資金収支差額 (9)＝(7)－(8) | K64: ='様式3-1（都提出Excel）認可・認定・家庭・小・居宅・事'!K64:M64 -> -1301398 | N64: ='様式3-1（都提出Excel）認可・認定・家庭・小・居宅・事'!N64:P64 -> -4459386
A66: 当期資金収支差額合計 (10)＝(3)＋(6)＋(9) | K66: ='様式3-1（都提出Excel）認可・認定・家庭・小・居宅・事'!K66:M66 -> 4916053 | N66: ='様式3-1（都提出Excel）認可・認定・家庭・小・居宅・事'!N66:P66 -> 3763564
A67: 前期末支払資金残高 (11) | K67: ='様式3-1（都提出Excel）認可・認定・家庭・小・居宅・事'!K67:M67 -> -23960151 | N67: ='様式3-1（都提出Excel）認可・認定・家庭・小・居宅・事'!N67:P67 -> -19044098
A68: 当期末支払資金残高 (10)＋(11) | K68: ='様式3-1（都提出Excel）認可・認定・家庭・小・居宅・事'!K68:M68 -> -19044098 | N68: ='様式3-1（都提出Excel）認可・認定・家庭・小・居宅・事'!N68:P68 -> -15280534
A70: 施設（事業）データ
B71: 項目 | K71: 前年度 | N71: 交付対象年度
B72: 利用定員 （4月1日時点） | K72: ='様式3-1（都提出Excel）認可・認定・家庭・小・居宅・事'!K72:M72 -> 60 | N72: ='様式3-1（都提出Excel）認可・認定・家庭・小・居宅・事'!N72:P72 -> 60
B73: 在籍児童数 （4月1日時点） | K73: ='様式3-1（都提出Excel）認可・認定・家庭・小・居宅・事'!K73:M73 -> 59 | N73: ='様式3-1（都提出Excel）認可・認定・家庭・小・居宅・事'!N73:P73 -> 59
B74: 保育従事職員数 （4月1日時点） | K74: ='様式3-1（都提出Excel）認可・認定・家庭・小・居宅・事'!K74:M74 -> 35 | N74: ='様式3-1（都提出Excel）認可・認定・家庭・小・居宅・事'!N74:P74 -> 31
B75: 職員の平均経験年数 | K75: ='様式3-1（都提出Excel）認可・認定・家庭・小・居宅・事'!K75:M75 -> 9 | N75: ='様式3-1（都提出Excel）認可・認定・家庭・小・居宅・事'!N75:P75 -> 10
B76: 事業活動収入 (1)・・・① | K76: =K13 -> 178392322 | N76: =N13 -> 194278233
B77: 人件費支出・・・② | K77: =K14 -> 132889519 | N77: =N14 -> 146868826
B78: 事業活動収入に対する人件費の割合 ②÷①×100 | K78: =IFERROR(K77/K76,"") -> 0.74492847 | N78: =IFERROR(N77/N76,"") -> 0.7559716

Sheet 様式1-2(HP掲載PDF)認証・家庭(都)・定期
A1: 様式１－２
A2: 【財務情報等の公表】
A3: 施設（事業）種別 | E3: =#REF! -> #REF! | F3: 設置主体 | G3: =#REF! -> #REF! | H3: 事業所名 | K3: =#REF! -> #REF!
A5: 施設（事業）の収支【令和７年度実績】
A6: 事業活動による収支 | B6: 科目 | K6: 前年度 | N6: 交付対象年度
B7: 運営費補助金収入 | K7: =#REF! -> #REF! | N7: =#REF! -> #REF!
B8: 保育士等キャリアアップ補助金収入 | K8: =#REF! -> #REF! | N8: =#REF! -> #REF!
B9: 保育力強化事業補助金収入 | K9: =#REF! -> #REF! | N9: =#REF! -> #REF!
B10: その他の補助金収入 | K10: =#REF! -> #REF! | N10: =#REF! -> #REF!
B11: 利用料収入 | K11: =#REF! -> #REF! | N11: =#REF! -> #REF!
B12: その他の収入（寄付金収入、雑収入等） | K12: =#REF! -> #REF! | N12: =#REF! -> #REF!
B13: 事業活動収入計 (1) | K13: =#REF! -> #REF! | N13: =#REF! -> #REF!
B14: 人件費支出 | K14: =#REF! -> #REF! | N14: =#REF! -> #REF!
B15: 職員給料支出 | K15: =#REF! -> #REF! | N15: =#REF! -> #REF!
B16: 職員賞与支出 | K16: =#REF! -> #REF! | N16: =#REF! -> #REF!
B17: 非常勤職員給与支出 | K17: =#REF! -> #REF! | N17: =#REF! -> #REF!
B18: 派遣職員費支出 | K18: =#REF! -> #REF! | N18: =#REF! -> #REF!
... B26: 消耗器具備品費支出 | K26: =#REF! -> #REF! | N26: =#REF! -> #REF!
B27: =#REF! -> #REF! | K27: =#REF! -> #REF! | N27: =#REF! -> #REF!
B28: 事務費支出 | K28: =#REF! -> #REF! | N28: =#REF! -> #REF!
B29: 福利厚生費支出 | K29: =#REF! -> #REF! | N29: =#REF! -> #REF!
B30: 旅費交通費支出 | K30: =#REF! -> #REF! | N30: =#REF! -> #REF!
B31: 研修研究費支出 | K31: =#REF! -> #REF! | N31: =#REF! -> #REF!
B32: 事務消耗品費支出 | K32: =#REF! -> #REF! | N32: =#REF! -> #REF!
B33: 印刷製本費支出 | K33: =#REF! -> #REF! | N33: =#REF! -> #REF!
B34: 水道光熱費支出 | F34: 利用者負担金収入 | K34: =#REF! -> #REF! | N34: =#REF! -> #REF!
B35: 修繕費支出 | K35: =#REF! -> #REF! | N35: =#REF! -> #REF!
B36: 通信運搬費支出 | F36: 利用者負担金収入 | K36: =#REF! -> #REF! | N36: =#REF! -> #REF!
B37: 広告費支出 | F37: 利用者負担金収入 | K37: =#REF! -> #REF! | N37: =#REF! -> #REF!
B38: 業務委託費支出 | F38: 利用者負担金収入 | K38: =#REF! -> #REF! | N38: =#REF! -> #REF!
B39: 賃借料支出 | F39: 利用者負担金収入 | K39: =#REF! -> #REF! | N39: =#REF! -> #REF!
B40: 土地・建物賃借料支出 | F40: 利用者負担金収入 | K40: =#REF! -> #REF! | N40: =#REF! -> #REF!
B41: 租税公課支出 | F41: 利用者負担金収入 | K41: =#REF! -> #REF! | N41: =#REF! -> #REF!
B42: =#REF! -> #REF! | K42: =#REF! -> #REF! | N42: =#REF! -> #REF!
B43: 事業活動支出計 (2) | K43: =#REF! -> #REF! | N43: =#REF! -> #REF!
B44: 事業活動資金収支差額 (3)＝(1)－(2) | K44: =#REF! -> #REF! | N44: =#REF! -> #REF!
A46: 施設整備等による収支 | B46: 施設整備等補助金収入 | K46: =#REF! -> #REF! | N46: =#REF! -> #REF!
B47: 設備資金借入金収入 | K47: =#REF! -> #REF! | N47: =#REF! -> #REF!
B48: その他施設整備等による収入（寄附金収入、固定資産売却収入等） | K48: =#REF! -> #REF! | N48: =#REF! -> #REF!
B49: 施設整備等収入計 (4) | K49: =#REF! -> #REF! | N49: =#REF! -> #REF!
B50: 設備資金借入金元金償還支出 | K50: =#REF! -> #REF! | N50: =#REF! -> #REF!
B51: 固定資産取得支出 | K51: =#REF! -> #REF! | N51: =#REF! -> #REF!
B52: その他施設整備等による支出 | F52: 利用者負担金収入 | K52: =#REF! -> #REF! | N52: =#REF! -> #REF!
B53: 施設整備等支出計 (5) | K53: =#REF! -> #REF! | N53: =#REF! -> #REF!
B54: 施設整備等資金収支差額 (6)＝(4)－(5) | K54: =#REF! -> #REF! | N54: =#REF! -> #REF!
A56: その他の活動による収支 | B56: 積立資産取崩収入 | K56: =#REF! -> #REF! | N56: =#REF! -> #REF!
B57: 事業区分間・拠点区分間・サービス区分間繰入金収入 | K57: =#REF! -> #REF! | N57: =#REF! -> #REF!
B58: その他の活動による収入 | K58: =#REF! -> #REF! | N58: =#REF! -> #REF!
B59: その他の活動収入計 (7) | K59: =#REF! -> #REF! | N59: =#REF! -> #REF!
B60: 積立資産支出 | K60: =#REF! -> #REF! | N60: =#REF! -> #REF!
B61: 事業区分間・拠点区分間・サービス区分間繰入金支出 | K61: =#REF! -> #REF! | N61: =#REF! -> #REF!
B62: その他の活動による支出 | K62: =#REF! -> #REF! | N62: =#REF! -> #REF!
B63: その他の活動支出計 (8) | K63: =#REF! -> #REF! | N63: =#REF! -> #REF!
B64: その他の活動資金収支差額 (9)＝(7)－(8) | K64: =#REF! -> #REF! | N64: =#REF! -> #REF!
A66: 当期資金収支差額合計 (10)＝(3)＋(6)＋(9) | K66: =#REF! -> #REF! | N66: =#REF! -> #REF!
A67: 前期末支払資金残高 (11) | K67: =#REF! -> #REF! | N67: =#REF! -> #REF!
A68: 当期末支払資金残高 (10)＋(11) | K68: =#REF! -> #REF! | N68: =#REF! -> #REF!
A70: 施設（事業）データ
B71: 項目 | K71: 前年度 | N71: 交付対象年度
B72: 定員 （4月1日時点） | K72: =#REF! -> #REF! | N72: =#REF! -> #REF!
B73: 在籍児童数 （4月1日時点） | K73: =#REF! -> #REF! | N73: =#REF! -> #REF!
B74: 保育従事職員数 （4月1日時点） | K74: =#REF! -> #REF! | N74: =#REF! -> #REF!
B75: 職員の平均経験年数 | K75: =#REF! -> #REF! | N75: =#REF! -> #REF!
B76: 事業活動収入 (1)・・・① | K76: =K13 -> #REF! | N76: =N13 -> #REF!
B77: 人件費支出・・・② | K77: =K14 -> #REF! | N77: =N14 -> #REF!
B78: 事業活動収入に対する人件費の割合 ②÷①×100 | K78: =IFERROR(K77/K76,"") | N78: =IFERROR(N77/N76,"")

Sheet 様式1-3(2名以下)
A1: 様式１－３
A2: 【財務情報等の公表】
A3: 施設（事業）種別 | E3: ='様式3-1（都提出Excel）認可・認定・家庭・小・居宅・事'!E3 -> 認可保育所 | F3: 設置主体 | G3: ='様式3-1（都提出Excel）認可・認定・家庭・小・居宅・事'!G3 -> 学校法人織田学園 | H3: 事業所名 | K3: ='様式3-1（都提出Excel）認可・認定・家庭・小・居宅・事'!K3:P3 -> おだ学園保育園
A5: 施設（事業）の収支【令和７年度実績】
B6: 科目 | K6: 前年度 | N6: 交付対象年度
A7: 事業活動による収支 | B7: 給付費・委託費収入 | K7: ='様式3-1（都提出Excel）認可・認定・家庭・小・居宅・事'!K7:M7 -> 162296824 | N7: ='様式3-1（都提出Excel）認可・認定・家庭・小・居宅・事'!N7:P7 -> 169620452
B8: 保育士等キャリアアップ補助金収入 | K8: ='様式3-1（都提出Excel）認可・認定・家庭・小・居宅・事'!K8:M8 -> 8048000 | N8: ='様式3-1（都提出Excel）認可・認定・家庭・小・居宅・事'!N8:P8 -> 8451000
B9: 保育サービス推進事業補助金収入 | K9: ='様式3-1（都提出Excel）認可・認定・家庭・小・居宅・事'!K9:M9 -> 4158000 | N9: ='様式3-1（都提出Excel）認可・認定・家庭・小・居宅・事'!N9:P9 -> 6187000
B10: その他の補助金収入 | K10: ='様式3-1（都提出Excel）認可・認定・家庭・小・居宅・事'!K10:M10 -> 0 | N10: ='様式3-1（都提出Excel）認可・認定・家庭・小・居宅・事'!N10:P10 -> 0
B11: 利用料収入 | K11: ='様式3-1（都提出Excel）認可・認定・家庭・小・居宅・事'!K11:M11 -> 3142520 | N11: ='様式3-1（都提出Excel）認可・認定・家庭・小・居宅・事'!N11:P11 -> 4173606
B12: その他の収入（寄付金収入、雑収入等） | K12: ='様式3-1（都提出Excel）認可・認定・家庭・小・居宅・事'!K12:M12 -> 746978 | N12: ='様式3-1（都提出Excel）認可・認定・家庭・小・居宅・事'!N12:P12 -> 5846175
B13: 事業活動収入計 (1) | K13: ='様式3-1（都提出Excel）認可・認定・家庭・小・居宅・事'!K13:M13 -> 178392322 | N13: ='様式3-1（都提出Excel）認可・認定・家庭・小・居宅・事'!N13:P13 -> 194278233
B14: 事業活動支出計 (2) | K14: ='様式3-1（都提出Excel）認可・認定・家庭・小・居宅・事'!K43:M43 -> 172174871 | N14: ='様式3-1（都提出Excel）認可・認定・家庭・小・居宅・事'!N43:P43 -> 186055283
B15: 事業活動資金収支差額 (3)＝(1)－(2) | K15: =K13-K14 -> 6217451 | N15: =N13-N14 -> 8222950
A17: 施設整備等による収支 | B17: 施設整備等補助金収入 | K17: ='様式3-1（都提出Excel）認可・認定・家庭・小・居宅・事'!K46:M46 -> 0 | N17: ='様式3-1（都提出Excel）認可・認定・家庭・小・居宅・事'!N46:P46 -> 0
B18: 設備資金借入金収入 | K18: ='様式3-1（都提出Excel）認可・認定・家庭・小・居宅・事'!K47:M47 -> 0 | N18: ='様式3-1（都提出Excel）認可・認定・家庭・小・居宅・事'!N47:P47 -> 0
B19: その他施設整備等による収入（寄附金収入、固定資産売却収入等） | K19: ='様式3-1（都提出Excel）認可・認定・家庭・小・居宅・事'!K48:M48 -> 0 | N19: ='様式3-1（都提出Excel）認可・認定・家庭・小・居宅・事'!N48:P48 -> 0
B20: 施設整備等収入計 (4) | K20: ='様式3-1（都提出Excel）認可・認定・家庭・小・居宅・事'!K49:M49 -> 0 | N20: ='様式3-1（都提出Excel）認可・認定・家庭・小・居宅・事'!N49:P49 -> 0
B21: 設備資金借入金元金償還支出 | K21: ='様式3-1（都提出Excel）認可・認定・家庭・小・居宅・事'!K50:M50 -> 0 | N21: ='様式3-1（都提出Excel）認可・認定・家庭・小・居宅・事'!N50:P50 -> 0
B22: 固定資産取得支出 | K22: ='様式3-1（都提出Excel）認可・認定・家庭・小・居宅・事'!K51:M51 -> 0 | N22: ='様式3-1（都提出Excel）認可・認定・家庭・小・居宅・事'!N51:P51 -> 0
B23: その他施設整備等による支出 | F23: 利用者負担金収入 | K23: ='様式3-1（都提出Excel）認可・認定・家庭・小・居宅・事'!K52:M52 -> 0 | N23: ='様式3-1（都提出Excel）認可・認定・家庭・小・居宅・事'!N52:P52 -> 0
B24: 施設整備等支出計 (5) | K24: ='様式3-1（都提出Excel）認可・認定・家庭・小・居宅・事'!K53:M53 -> 0 | N24: ='様式3-1（都提出Excel）認可・認定・家庭・小・居宅・事'!N53:P53 -> 0
B25: 施設整備等資金収支差額 (6)＝(4)－(5) | K25: ='様式3-1（都提出Excel）認可・認定・家庭・小・居宅・事'!K54:M54 -> 0 | N25: ='様式3-1（都提出Excel）認可・認定・家庭・小・居宅・事'!N54:P54 -> 0
A27: その他の活動による収支 | B27: 積立資産取崩収入 | K27: ='様式3-1（都提出Excel）認可・認定・家庭・小・居宅・事'!K56:M56 -> 0 | N27: ='様式3-1（都提出Excel）認可・認定・家庭・小・居宅・事'!N56:P56 -> 0
B28: 事業区分間・拠点区分間・サービス区分間繰入金収入 | K28: ='様式3-1（都提出Excel）認可・認定・家庭・小・居宅・事'!K57:M57 -> 0 | N28: ='様式3-1（都提出Excel）認可・認定・家庭・小・居宅・事'!N57:P57 -> 0
B29: その他の活動による収入 | K29: ='様式3-1（都提出Excel）認可・認定・家庭・小・居宅・事'!K58:M58 -> 0 | N29: ='様式3-1（都提出Excel）認可・認定・家庭・小・居宅・事'!N58:P58 -> 0
B30: その他の活動収入計 (7) | K30: ='様式3-1（都提出Excel）認可・認定・家庭・小・居宅・事'!K59:M59 -> 0 | N30: ='様式3-1（都提出Excel）認可・認定・家庭・小・居宅・事'!N59:P59 -> 0
B31: 積立資産支出 | K31: ='様式3-1（都提出Excel）認可・認定・家庭・小・居宅・事'!K60:M60 -> 0 | N31: ='様式3-1（都提出Excel）認可・認定・家庭・小・居宅・事'!N60:P60 -> 0
B32: 事業区分間・拠点区分間・サービス区分間繰入金支出 | K32: ='様式3-1（都提出Excel）認可・認定・家庭・小・居宅・事'!K61:M61 -> 0 | N32: ='様式3-1（都提出Excel）認可・認定・家庭・小・居宅・事'!N61:P61 -> 0
B33: その他の活動による支出 | K33: ='様式3-1（都提出Excel）認可・認定・家庭・小・居宅・事'!K62:M62 -> 1301398 | N33: ='様式3-1（都提出Excel）認可・認定・家庭・小・居宅・事'!N62:P62 -> 4459386
B34: その他の活動支出計 (8) | K34: ='様式3-1（都提出Excel）認可・認定・家庭・小・居宅・事'!K63:M63 -> 1301398 | N34: ='様式3-1（都提出Excel）認可・認定・家庭・小・居宅・事'!N63:P63 -> 4459386
B35: その他の活動資金収支差額 (9)＝(7)－(8) | K35: ='様式3-1（都提出Excel）認可・認定・家庭・小・居宅・事'!K64:M64 -> -1301398 | N35: ='様式3-1（都提出Excel）認可・認定・家庭・小・居宅・事'!N64:P64 -> -4459386
A37: 当期資金収支差額合計 (10)＝(3)＋(6)＋(9) | K37: ='様式3-1（都提出Excel）認可・認定・家庭・小・居宅・事'!K66:M66 -> 4916053 | N37: ='様式3-1（都提出Excel）認可・認定・家庭・小・居宅・事'!N66:P66 -> 3763564
A38: 前期末支払資金残高 (11) | K38: ='様式3-1（都提出Excel）認可・認定・家庭・小・居宅・事'!K67:M67 -> -23960151 | N38: ='様式3-1（都提出Excel）認可・認定・家庭・小・居宅・事'!N67:P67 -> -19044098
A39: 当期末支払資金残高 (10)＋(11) | K39: ='様式3-1（都提出Excel）認可・認定・家庭・小・居宅・事'!K68:M68 -> -19044098 | N39: ='様式3-1（都提出Excel）認可・認定・家庭・小・居宅・事'!N68:P68 -> -15280534
A41: 施設（事業）データ
B42: 項目 | K42: 前年度 | N42: 交付対象年度
B43: 利用定員 （4月1日時点） | K43: ='様式3-1（都提出Excel）認可・認定・家庭・小・居宅・事'!K72:M72 -> 60 | N43: ='様式3-1（都提出Excel）認可・認定・家庭・小・居宅・事'!N72:P72 -> 60
B44: 在籍児童数 （4月1日時点） | K44: ='様式3-1（都提出Excel）認可・認定・家庭・小・居宅・事'!K73:M73 -> 59 | N44: ='様式3-1（都提出Excel）認可・認定・家庭・小・居宅・事'!N73:P73 -> 59
B45: 保育従事職員数 （4月1日時点） | K45: ='様式3-1（都提出Excel）認可・認定・家庭・小・居宅・事'!K74:M74 -> 35 | N45: ='様式3-1（都提出Excel）認可・認定・家庭・小・居宅・事'!N74:P74 -> 31
B46: 職員の平均経験年数 | K46: ='様式3-1（都提出Excel）認可・認定・家庭・小・居宅・事'!K75:M75 -> 9 | N46: ='様式3-1（都提出Excel）認可・認定・家庭・小・居宅・事'!N75:P75 -> 10

Sheet 様式1-4(2名以下)
A1: 様式１－４
A2: 【財務情報等の公表】
A3: 施設（事業）種別 | E3: =#REF! -> #REF! | F3: 設置主体 | G3: =#REF! -> #REF! | H3: 事業所名 | K3: =#REF! -> #REF!
A5: 施設（事業）の収支【令和７年度実績】
B6: 科目 | K6: 前年度 | N6: 交付対象年度
A7: 事業活動による収支 | B7: 運営費補助金収入 | K7: =#REF! -> #REF! | N7: =#REF! -> #REF!
B8: 保育士等キャリアアップ補助金収入 | K8: =#REF! -> #REF! | N8: =#REF! -> #REF!
B9: 保育力強化事業補助金収入 | K9: =#REF! -> #REF! | N9: =#REF! -> #REF!
B10: その他の補助金収入 | K10: =#REF! -> #REF! | N10: =#REF! -> #REF!
B11: 利用料収入 | K11: =#REF! -> #REF! | N11: =#REF! -> #REF!
B12: その他の収入（寄付金収入、雑収入等） | K12: =#REF! -> #REF! | N12: =#REF! -> #REF!
B13: 事業活動収入計 (1) | K13: =#REF! -> #REF! | N13: =#REF! -> #REF!
B14: 事業活動支出計 (2) | K14: =#REF! -> #REF! | N14: =#REF! -> #REF!
B15: 事業活動資金収支差額 (3)＝(1)－(2) | K15: =#REF! -> #REF! | N15: =#REF! -> #REF!
A17: 施設整備等による収支 | B17: 施設整備等補助金収入 | K17: =#REF! -> #REF! | N17: =#REF! -> #REF!
B18: 設備資金借入金収入 | K18: =#REF! -> #REF! | N18: =#REF! -> #REF!
B19: その他施設整備等による収入（寄附金収入、固定資産売却収入等） | K19: =#REF! -> #REF! | N19: =#REF! -> #REF!
B20: 施設整備等収入計 (4) | K20: =#REF! -> #REF! | N20: =#REF! -> #REF!
B21: 設備資金借入金元金償還支出 | K21: =#REF! -> #REF! | N21: =#REF! -> #REF!
B22: 固定資産取得支出 | K22: =#REF! -> #REF! | N22: =#REF! -> #REF!
B23: その他施設整備等による支出 | F23: 利用者負担金収入 | K23: =#REF! -> #REF! | N23: =#REF! -> #REF!
B24: 施設整備等支出計 (5) | K24: =#REF! -> #REF! | N24: =#REF! -> #REF!
B25: 施設整備等資金収支差額 (6)＝(4)－(5) | K25: =#REF! -> #REF! | N25: =#REF! -> #REF!
A27: その他の活動による収支 | B27: 積立資産取崩収入 | K27: =#REF! -> #REF! | N27: =#REF! -> #REF!
B28: 事業区分間・拠点区分間・サービス区分間繰入金収入 | K28: =#REF! -> #REF! | N28: =#REF! -> #REF!
B29: その他の活動による収入 | K29: =#REF! -> #REF! | N29: =#REF! -> #REF!
B30: その他の活動収入計 (7) | K30: =#REF! -> #REF! | N30: =#REF! -> #REF!
B31: 積立資産支出 | K31: =#REF! -> #REF! | N31: =#REF! -> #REF!
B32: 事業区分間・拠点区分間・サービス区分間繰入金支出 | K32: =#REF! -> #REF! | N32: =#REF! -> #REF!
B33: その他の活動による支出 | K33: =#REF! -> #REF! | N33: =#REF! -> #REF!
B34: その他の活動支出計 (8) | K34: =#REF! -> #REF! | N34: =#REF! -> #REF!
B35: その他の活動資金収支差額 (9)＝(7)－(8) | K35: =#REF! -> #REF! | N35: =#REF! -> #REF!
A37: 当期資金収支差額合計 (10)＝(3)＋(6)＋(9) | K37: =#REF! -> #REF! | N37: =#REF! -> #REF!
A38: 前期末支払資金残高 (11) | K38: =#REF! -> #REF! | N38: =#REF! -> #REF!
A39: 当期末支払資金残高 (10)＋(11) | K39: =#REF! -> #REF! | N39: =#REF! -> #REF!
A41: 施設（事業）データ
B42: 項目 | K42: 前年度 | N42: 交付対象年度
B43: 定員 （4月1日時点） | K43: =#REF! -> #REF! | N43: =#REF! -> #REF!
B44: 在籍児童数 （4月1日時点） | K44: =#REF! -> #REF! | N44: =#REF! -> #REF!
B45: 保育従事職員数 （4月1日時点） | K45: =#REF! -> #REF! | N45: =#REF! -> #REF!
B46: 職員の平均経験年数 | K46: =#REF! -> #REF! | N46: =#REF! -> #REF!

Sheet 様式1-5(HP掲載PDF)病児
A1: 様式１－５
A2: 【財務情報等の公表】
A3: 施設（事業）種別 | E3: =#REF! -> #REF! | F3: 設置主体 | G3: =#REF! -> #REF! | H3: 事業所名 | K3: =#REF! -> #REF!
A5: 施設（事業）の収支【令和７年度実績】
A6: 事業活動による収支 | B6: 科目 | K6: 前年度 | N6: 交付対象年度
B7: 運営費補助金収入 | K7: =#REF! -> #REF! | N7: =#REF! -> #REF!
B8: 保育士等キャリアアップ補助金収入 | K8: =#REF! -> #REF! | N8: =#REF! -> #REF!
B9: その他の補助金収入 | K9: =#REF! -> #REF! | N9: =#REF! -> #REF!
B10: 利用料収入 | K10: =#REF! -> #REF! | N10: =#REF! -> #REF!
B11: その他の収入（寄付金収入、雑収入等） | K11: =#REF! -> #REF! | N11: =#REF! -> #REF!
B12: 事業活動収入計 (1) | K12: =#REF! -> #REF! | N12: =#REF! -> #REF!
B13: 人件費支出 | K13: =#REF! -> #REF! | N13: =#REF! -> #REF!
B14: 職員給料支出 | K14: =#REF! -> #REF! | N14: =#REF! -> #REF!
B15: 職員賞与支出 | K15: =#REF! -> #REF! | N15: =#REF! -> #REF!
B16: 非常勤職員給与支出 | K16: =#REF! -> #REF! | N16: =#REF! -> #REF!
B17: 派遣職員費支出 | K17: =#REF! -> #REF! | N17: =#REF! -> #REF!
B18: 退職給付支出 | K18: =#REF! -> #REF! | N18: =#REF! -> #REF!
... B25: 消耗器具備品費支出 | K25: =#REF! -> #REF! | N25: =#REF! -> #REF!
B26: =#REF! -> #REF! | K26: =#REF! -> #REF! | N26: =#REF! -> #REF!
B27: 事務費支出 | K27: =#REF! -> #REF! | N27: =#REF! -> #REF!
B28: 福利厚生費支出 | K28: =#REF! -> #REF! | N28: =#REF! -> #REF!
B29: 旅費交通費支出 | K29: =#REF! -> #REF! | N29: =#REF! -> #REF!
B30: 研修研究費支出 | K30: =#REF! -> #REF! | N30: =#REF! -> #REF!
B31: 事務消耗品費支出 | K31: =#REF! -> #REF! | N31: =#REF! -> #REF!
B32: 印刷製本費支出 | K32: =#REF! -> #REF! | N32: =#REF! -> #REF!
B33: 水道光熱費支出 | F33: 利用者負担金収入 | K33: =#REF! -> #REF! | N33: =#REF! -> #REF!
B34: 修繕費支出 | K34: =#REF! -> #REF! | N34: =#REF! -> #REF!
B35: 通信運搬費支出 | F35: 利用者負担金収入 | K35: =#REF! -> #REF! | N35: =#REF! -> #REF!
B36: 広告費支出 | F36: 利用者負担金収入 | K36: =#REF! -> #REF! | N36: =#REF! -> #REF!
B37: 業務委託費支出 | F37: 利用者負担金収入 | K37: =#REF! -> #REF! | N37: =#REF! -> #REF!
B38: 賃借料支出 | F38: 利用者負担金収入 | K38: =#REF! -> #REF! | N38: =#REF! -> #REF!
B39: 土地・建物賃借料支出 | F39: 利用者負担金収入 | K39: =#REF! -> #REF! | N39: =#REF! -> #REF!
B40: 租税公課支出 | F40: 利用者負担金収入 | K40: =#REF! -> #REF! | N40: =#REF! -> #REF!
B41: =#REF! -> #REF! | F41: 利用者負担金収入 | K41: =#REF! -> #REF! | N41: =#REF! -> #REF!
B42: 事業活動支出計 (2) | K42: =#REF! -> #REF! | N42: =#REF! -> #REF!
B43: 事業活動資金収支差額 (3)＝(1)－(2) | K43: =#REF! -> #REF! | N43: =#REF! -> #REF!
A45: 施設整備等による収支 | B45: 施設整備等補助金収入 | K45: =#REF! -> #REF! | N45: =#REF! -> #REF!
B46: 設備資金借入金収入 | K46: =#REF! -> #REF! | N46: =#REF! -> #REF!
B47: その他施設整備等による収入（寄附金収入、固定資産売却収入等） | K47: =#REF! -> #REF! | N47: =#REF! -> #REF!
B48: 施設整備等収入計 (4) | K48: =#REF! -> #REF! | N48: =#REF! -> #REF!
B49: 設備資金借入金元金償還支出 | K49: =#REF! -> #REF! | N49: =#REF! -> #REF!
B50: 固定資産取得支出 | K50: =#REF! -> #REF! | N50: =#REF! -> #REF!
B51: その他施設整備等による支出 | F51: 利用者負担金収入 | K51: =#REF! -> #REF! | N51: =#REF! -> #REF!
B52: 施設整備等支出計 (5) | K52: =#REF! -> #REF! | N52: =#REF! -> #REF!
B53: 施設整備等資金収支差額 (6)＝(4)－(5) | K53: =#REF! -> #REF! | N53: =#REF! -> #REF!
A55: その他の活動による収支 | B55: 積立資産取崩収入 | K55: =#REF! -> #REF! | N55: =#REF! -> #REF!
B56: 事業区分間・拠点区分間・サービス区分間繰入金収入 | K56: =#REF! -> #REF! | N56: =#REF! -> #REF!
B57: その他の活動による収入 | K57: =#REF! -> #REF! | N57: =#REF! -> #REF!
B58: その他の活動収入計 (7) | K58: =#REF! -> #REF! | N58: =#REF! -> #REF!
B59: 積立資産支出 | K59: =#REF! -> #REF! | N59: =#REF! -> #REF!
B60: 事業区分間・拠点区分間・サービス区分間繰入金支出 | K60: =#REF! -> #REF! | N60: =#REF! -> #REF!
B61: その他の活動による支出 | K61: =#REF! -> #REF! | N61: =#REF! -> #REF!
B62: その他の活動支出計 (8) | K62: =#REF! -> #REF! | N62: =#REF! -> #REF!
B63: その他の活動資金収支差額 (9)＝(7)－(8) | K63: =#REF! -> #REF! | N63: =#REF! -> #REF!
A65: 当期資金収支差額合計 (10)＝(3)＋(6)＋(9) | K65: =#REF! -> #REF! | N65: =#REF! -> #REF!
A66: 前期末支払資金残高 (11) | K66: =#REF! -> #REF! | N66: =#REF! -> #REF!
A67: 当期末支払資金残高 (10)＋(11) | K67: =#REF! -> #REF! | N67: =#REF! -> #REF!
A69: 施設（事業）データ
B70: 項目 | K70: 前年度 | N70: 交付対象年度
B71: 定員 （4月1日時点） | K71: =#REF! -> #REF! | N71: =#REF! -> #REF!
B72: 保育従事職員数 （4月1日時点） | K72: =#REF! -> #REF! | N72: =#REF! -> #REF!
B73: 職員の平均経験年数 | K73: =#REF! -> #REF! | N73: =#REF! -> #REF!
B74: 事業活動収入 (1)・・・① | K74: =K12 -> #REF! | N74: =N12 -> #REF!
B75: 人件費支出・・・② | K75: =K13 -> #REF! | N75: =N13 -> #REF!
B76: 事業活動収入に対する人件費の割合 ②÷①×100 | K76: =IFERROR(K75/K74,"") | N76: =IFERROR(N75/N74,"")

Sheet 様式1-6(2名以下)
A1: 様式１－６
A2: 【財務情報等の公表】
A3: 施設（事業）種別 | E3: =#REF! -> #REF! | F3: 設置主体 | G3: =#REF! -> #REF! | H3: 事業所名 | K3: =#REF! -> #REF!
A5: 施設（事業）の収支【令和７年度実績】
B6: 科目 | K6: 前年度 | N6: 交付対象年度
A7: 事業活動による収支 | B7: 運営費補助金収入 | K7: =#REF! -> #REF! | N7: =#REF! -> #REF!
B8: 保育士等キャリアアップ補助金収入 | K8: =#REF! -> #REF! | N8: =#REF! -> #REF!
B9: その他の補助金収入 | K9: =#REF! -> #REF! | N9: =#REF! -> #REF!
B10: 利用料収入 | K10: =#REF! -> #REF! | N10: =#REF! -> #REF!
B11: その他の収入（寄付金収入、雑収入等） | K11: =#REF! -> #REF! | N11: =#REF! -> #REF!
B12: 事業活動収入計 (1) | K12: =#REF! -> #REF! | N12: =#REF! -> #REF!
B13: 事業活動支出計 (2) | K13: =#REF! -> #REF! | N13: =#REF! -> #REF!
B14: 事業活動資金収支差額 (3)＝(1)－(2) | K14: =#REF! -> #REF! | N14: =#REF! -> #REF!
A16: 施設整備等による収支 | B16: 施設整備等補助金収入 | K16: =#REF! -> #REF! | N16: =#REF! -> #REF!
B17: 設備資金借入金収入 | K17: =#REF! -> #REF! | N17: =#REF! -> #REF!
B18: その他施設整備等による収入（寄附金収入、固定資産売却収入等） | K18: =#REF! -> #REF! | N18: =#REF! -> #REF!
B19: 施設整備等収入計 (4) | K19: =#REF! -> #REF! | N19: =#REF! -> #REF!
B20: 設備資金借入金元金償還支出 | K20: =#REF! -> #REF! | N20: =#REF! -> #REF!
B21: 固定資産取得支出 | K21: =#REF! -> #REF! | N21: =#REF! -> #REF!
B22: その他施設整備等による支出 | F22: 利用者負担金収入 | K22: =#REF! -> #REF! | N22: =#REF! -> #REF!
B23: 施設整備等支出計 (5) | K23: =#REF! -> #REF! | N23: =#REF! -> #REF!
B24: 施設整備等資金収支差額 (6)＝(4)－(5) | K24: =#REF! -> #REF! | N24: =#REF! -> #REF!
A26: その他の活動による収支 | B26: 積立資産取崩収入 | K26: =#REF! -> #REF! | N26: =#REF! -> #REF!
B27: 事業区分間・拠点区分間・サービス区分間繰入金収入 | K27: =#REF! -> #REF! | N27: =#REF! -> #REF!
B28: その他の活動による収入 | K28: =#REF! -> #REF! | N28: =#REF! -> #REF!
B29: その他の活動収入計 (7) | K29: =#REF! -> #REF! | N29: =#REF! -> #REF!
B30: 積立資産支出 | K30: =#REF! -> #REF! | N30: =#REF! -> #REF!
B31: 事業区分間・拠点区分間・サービス区分間繰入金支出 | K31: =#REF! -> #REF! | N31: =#REF! -> #REF!
B32: その他の活動による支出 | K32: =#REF! -> #REF! | N32: =#REF! -> #REF!
B33: その他の活動支出計 (8) | K33: =#REF! -> #REF! | N33: =#REF! -> #REF!
B34: その他の活動資金収支差額 (9)＝(7)－(8) | K34: =#REF! -> #REF! | N34: =#REF! -> #REF!
A36: 当期資金収支差額合計 (10)＝(3)＋(6)＋(9) | K36: =#REF! -> #REF! | N36: =#REF! -> #REF!
A37: 前期末支払資金残高 (11) | K37: =#REF! -> #REF! | N37: =#REF! -> #REF!
A38: 当期末支払資金残高 (10)＋(11) | K38: =#REF! -> #REF! | N38: =#REF! -> #REF!
A40: 施設（事業）データ
B41: 項目 | K41: 前年度 | N41: 交付対象年度
B42: 定員 （4月1日時点） | K42: =#REF! -> #REF! | N42: =#REF! -> #REF!
B43: 保育従事職員数 （4月1日時点） | K43: =#REF! -> #REF! | N43: =#REF! -> #REF!
B44: 職員の平均経験年数 | K44: =#REF! -> #REF! | N44: =#REF! -> #REF!

Sheet 様式1-7(HP掲載)企業主導型
A1: 様式１－７
A2: 【財務情報等の公表】
A3: 施設（事業）種別 | E3: =#REF! -> #REF! | F3: 設置主体 | G3: =#REF! -> #REF! | H3: 事業所名 | K3: =#REF! -> #REF!
A5: 施設（事業）の収支【令和７年度実績】
A6: 事業活動による収支 | B6: 科目 | K6: 前年度 | N6: 交付対象年度
B7: 運営費補助金収入 | K7: =#REF! -> #REF! | N7: =#REF! -> #REF!
B8: 保育士等キャリアアップ補助金収入 | K8: =#REF! -> #REF! | N8: =#REF! -> #REF!
B9: その他の補助金収入 | K9: =#REF! -> #REF! | N9: =#REF! -> #REF!
B10: 利用料収入 | K10: =#REF! -> #REF! | N10: =#REF! -> #REF!
B11: その他の収入（寄付金収入、雑収入等） | K11: =#REF! -> #REF! | N11: =#REF! -> #REF!
B12: 事業活動収入計 (1) | K12: =SUM(K7:M11) -> #REF! | N12: =SUM(N7:P11) -> #REF!
B13: 人件費支出 | K13: =SUM(K14:M19) -> #REF! | N13: =SUM(N14:P19) -> #REF!
B14: 職員給料支出 | K14: =#REF! -> #REF! | N14: =#REF! -> #REF!
B15: 職員賞与支出 | K15: =#REF! -> #REF! | N15: =#REF! -> #REF!
B16: 非常勤職員給与支出 | K16: =#REF! -> #REF! | N16: =#REF! -> #REF!
B17: 派遣職員費支出 | K17: =#REF! -> #REF! | N17: =#REF! -> #REF!
B18: 退職給付支出 | K18: =#REF! -> #REF! | N18: =#REF! -> #REF!
B19: 法定福利費支出 | K19: =#REF! -> #REF! | N19: =#REF! -> #REF!
B20: 事業費支出 | K20: =SUM(K21:M26) -> #REF! | N20: =SUM(N21:P26) -> #REF!
B21: 給食費支出 | K21: =#REF! -> #REF! | N21: =#REF! -> #REF!
B22: 保健衛生費支出 | K22: =#REF! -> #REF! | N22: =#REF! -> #REF!
B23: 保育材料費支出 | K23: =#REF! -> #REF! | N23: =#REF! -> #REF!
B24: 水道光熱費支出 | K24: =#REF! -> #REF! | N24: =#REF! -> #REF!
B25: 消耗器具備品費支出 | K25: =#REF! -> #REF! | N25: =#REF! -> #REF!
B26: その他の支出【 】 | K26: =#REF! -> #REF! | N26: =#REF! -> #REF!
B27: 事務費支出 | K27: =SUM(K28:M41) -> #REF! | N27: =SUM(N28:P41) -> #REF!
B28: 福利厚生費支出 | K28: =#REF! -> #REF! | N28: =#REF! -> #REF!
B29: 旅費交通費支出 | K29: =#REF! -> #REF! | N29: =#REF! -> #REF!
B30: 研修研究費支出 | K30: =#REF! -> #REF! | N30: =#REF! -> #REF!
B31: 事務消耗品費支出 | K31: =#REF! -> #REF! | N31: =#REF! -> #REF!
B32: 印刷製本費支出 | K32: =#REF! -> #REF! | N32: =#REF! -> #REF!
B33: 水道光熱費支出 | F33: 利用者負担金収入 | K33: =#REF! -> #REF! | N33: =#REF! -> #REF!
B34: 修繕費支出 | K34: =#REF! -> #REF! | N34: =#REF! -> #REF!
B35: 通信運搬費支出 | F35: 利用者負担金収入 | K35: =#REF! -> #REF! | N35: =#REF! -> #REF!
B36: 広告費支出 | F36: 利用者負担金収入 | K36: =#REF! -> #REF! | N36: =#REF! -> #REF!
B37: 業務委託費支出 | F37: 利用者負担金収入 | K37: =#REF! -> #REF! | N37: =#REF! -> #REF!
B38: 賃借料支出 | F38: 利用者負担金収入 | K38: =#REF! -> #REF! | N38: =#REF! -> #REF!
B39: 土地・建物賃借料支出 | F39: 利用者負担金収入 | K39: =#REF! -> #REF! | N39: =#REF! -> #REF!
B40: 租税公課支出 | F40: 利用者負担金収入 | K40: =#REF! -> #REF! | N40: =#REF! -> #REF!
B41: その他の支出【 】 | F41: 利用者負担金収入 | K41: =#REF! -> #REF! | N41: =#REF! -> #REF!
B42: 事業活動支出計 (2) | K42: =SUM(K13,K20,K27) -> #REF! | N42: =SUM(N13,N20,N27) -> #REF!
B43: 事業活動資金収支差額 (3)＝(1)－(2) | K43: =K12-K42 -> #REF! | N43: =N12-N42 -> #REF!
A45: 施設整備等による収支 | B45: 施設整備等補助金収入 | K45: =#REF! -> #REF! | N45: =#REF! -> #REF!
B46: 設備資金借入金収入 | K46: =#REF! -> #REF! | N46: =#REF! -> #REF!
B47: その他施設整備等による収入（寄附金収入、固定資産売却収入等） | K47: =#REF! -> #REF! | N47: =#REF! -> #REF!
B48: 施設整備等収入計 (4) | K48: =SUM(K45:M47) -> #REF! | N48: =SUM(N45:P47) -> #REF!
B49: 設備資金借入金元金償還支出 | K49: =#REF! -> #REF! | N49: =#REF! -> #REF!
B50: 固定資産取得支出 | K50: =#REF! -> #REF! | N50: =#REF! -> #REF!
B51: その他施設整備等による支出 | F51: 利用者負担金収入 | K51: =#REF! -> #REF! | N51: =#REF! -> #REF!
B52: 施設整備等支出計 (5) | K52: =SUM(K49:M51) -> #REF! | N52: =SUM(N49:P51) -> #REF!
B53: 施設整備等資金収支差額 (6)＝(4)－(5) | K53: =K48-K52 -> #REF! | N53: =N48-N52 -> #REF!
A55: その他の活動による収支 | B55: 積立資産取崩収入 | K55: =#REF! -> #REF! | N55: =#REF! -> #REF!
B56: 事業区分間・拠点区分間・サービス区分間繰入金収入 | K56: =#REF! -> #REF! | N56: =#REF! -> #REF!
B57: その他の活動による収入 | K57: =#REF! -> #REF! | N57: =#REF! -> #REF!
B58: その他の活動収入計 (7) | K58: =SUM(K55:M57) -> #REF! | N58: =SUM(N55:P57) -> #REF!
B59: 積立資産支出 | K59: =#REF! -> #REF! | N59: =#REF! -> #REF!
B60: 事業区分間・拠点区分間・サービス区分間繰入金支出 | K60: =#REF! -> #REF! | N60: =#REF! -> #REF!
B61: その他の活動による支出 | K61: =#REF! -> #REF! | N61: =#REF! -> #REF!
B62: その他の活動支出計 (8) | K62: =SUM(K59:M61) -> #REF! | N62: =SUM(N59:P61) -> #REF!
B63: その他の活動資金収支差額 (9)＝(7)－(8) | K63: =K58-K62 -> #REF! | N63: =N58-N62 -> #REF!
A65: 当期資金収支差額合計 (10)＝(3)＋(6)＋(9) | K65: =K43+K53+K63 -> #REF! | N65: =N43+N53+N63 -> #REF!
A66: 前期末支払資金残高 (11) | K66: =#REF! -> #REF! | N66: =#REF! -> #REF!
A67: 当期末支払資金残高 (10)＋(11) | K67: =K65+K66 -> #REF! | N67: =N65+N66 -> #REF!
A69: 施設（事業）データ
B70: 項目 | K70: 前年度 | N70: 交付対象年度
B71: 利用定員 （4月1日時点） | K71: =#REF! -> #REF! | N71: =#REF! -> #REF!
B72: 保育従事職員数 （4月1日時点） | K72: =#REF! -> #REF! | N72: =#REF! -> #REF!
B73: 職員の平均経験年数 | K73: =#REF! -> #REF! | N73: =#REF! -> #REF!
B74: 事業活動収入 (1)・・・① | K74: =K12 -> #REF! | N74: =N12 -> #REF!
B75: 人件費支出・・・② | K75: =K13 -> #REF! | N75: =N13 -> #REF!
B76: 事業活動収入に対する人件費の割合 ②÷①×100 | K76: =IFERROR(K75/K74,"") | N76: =IFERROR(N75/N74,"")

Sheet 様式1-8(2名以下)
A1: 様式１－８
A2: 【財務情報等の公表】
A3: 施設（事業）種別 | E3: =#REF! -> #REF! | F3: 設置主体 | G3: =#REF! -> #REF! | H3: 事業所名 | K3: =#REF! -> #REF!
A5: 施設（事業）の収支【令和７年度実績】
B6: 科目 | K6: 前年度 | N6: 交付対象年度
A7: 事業活動による収支 | B7: 運営費補助金収入 | K7: =#REF! -> #REF! | N7: =#REF! -> #REF!
B8: 保育士等キャリアアップ補助金収入 | K8: =#REF! -> #REF! | N8: =#REF! -> #REF!
B9: その他の補助金収入 | K9: =#REF! -> #REF! | N9: =#REF! -> #REF!
B10: 利用料収入 | K10: =#REF! -> #REF! | N10: =#REF! -> #REF!
B11: その他の収入（寄付金収入、雑収入等） | K11: =#REF! -> #REF! | N11: =#REF! -> #REF!
B12: 事業活動収入計 (1) | K12: =#REF! -> #REF! | N12: =#REF! -> #REF!
B13: 事業活動支出計 (2) | K13: =#REF! -> #REF! | N13: =#REF! -> #REF!
B14: 事業活動資金収支差額 (3)＝(1)－(2) | K14: =K12-K13 -> #REF! | N14: =N12-N13 -> #REF!
A16: 施設整備等による収支 | B16: 施設整備等補助金収入 | K16: =#REF! -> #REF! | N16: =#REF! -> #REF!
B17: 設備資金借入金収入 | K17: =#REF! -> #REF! | N17: =#REF! -> #REF!
B18: その他施設整備等による収入（寄附金収入、固定資産売却収入等） | K18: =#REF! -> #REF! | N18: =#REF! -> #REF!
B19: 施設整備等収入計 (4) | K19: =SUM(K16:M18) -> #REF! | N19: =SUM(N16:P18) -> #REF!
B20: 設備資金借入金元金償還支出 | K20: =#REF! -> #REF! | N20: =#REF! -> #REF!
B21: 固定資産取得支出 | K21: =#REF! -> #REF! | N21: =#REF! -> #REF!
B22: その他施設整備等による支出 | F22: 利用者負担金収入 | K22: =#REF! -> #REF! | N22: =#REF! -> #REF!
B23: 施設整備等支出計 (5) | K23: =SUM(K20:M22) -> #REF! | N23: =SUM(N20:P22) -> #REF!
B24: 施設整備等資金収支差額 (6)＝(4)－(5) | K24: =K19-K23 -> #REF! | N24: =N19-N23 -> #REF!
A26: その他の活動による収支 | B26: 積立資産取崩収入 | K26: =#REF! -> #REF! | N26: =#REF! -> #REF!
B27: 事業区分間・拠点区分間・サービス区分間繰入金収入 | K27: =#REF! -> #REF! | N27: =#REF! -> #REF!
B28: その他の活動による収入 | K28: =#REF! -> #REF! | N28: =#REF! -> #REF!
B29: その他の活動収入計 (7) | K29: =SUM(K26:M28) -> #REF! | N29: =SUM(N26:P28) -> #REF!
B30: 積立資産支出 | K30: =#REF! -> #REF! | N30: =#REF! -> #REF!
B31: 事業区分間・拠点区分間・サービス区分間繰入金支出 | K31: =#REF! -> #REF! | N31: =#REF! -> #REF!
B32: その他の活動による支出 | K32: =#REF! -> #REF! | N32: =#REF! -> #REF!
B33: その他の活動支出計 (8) | K33: =SUM(K30:M32) -> #REF! | N33: =SUM(N30:P32) -> #REF!
B34: その他の活動資金収支差額 (9)＝(7)－(8) | K34: =K29-K33 -> #REF! | N34: =N29-N33 -> #REF!
A36: 当期資金収支差額合計 (10)＝(3)＋(6)＋(9) | K36: =K14+K24+K34 -> #REF! | N36: =N14+N24+N34 -> #REF!
A37: 前期末支払資金残高 (11) | K37: =#REF! -> #REF! | N37: =#REF! -> #REF!
A38: 当期末支払資金残高 (10)＋(11) | K38: =K36+K37 -> #REF! | N38: =N36+N37 -> #REF!
A40: 施設（事業）データ
B41: 項目 | K41: 前年度 | N41: 交付対象年度
B42: 利用定員 （4月1日時点） | K42: =#REF! -> #REF! | N42: =#REF! -> #REF!
B43: 保育従事職員数 （4月1日時点） | K43: =#REF! -> #REF! | N43: =#REF! -> #REF!
B44: 職員の平均経験年数 | K44: =#REF! -> #REF! | N44: =#REF! -> #REF!

Sheet 様式2-1（本部） 
A1: 様式２－１
A2: 【財務情報等の公表】
A3: 施設（事業）種別 | E3: ='様式3-1（都提出Excel）認可・認定・家庭・小・居宅・事'!E3 -> 認可保育所 | F3: 設置主体 | G3: ='様式3-1（都提出Excel）認可・認定・家庭・小・居宅・事'!G3 -> 学校法人織田学園 | H3: 事業所名 | K3: ='様式3-1（都提出Excel）認可・認定・家庭・小・居宅・事'!K3:P3 -> おだ学園保育園
A5: 保育サービス推進事業に係る補助金の法人本部における支出の状況【令和７年度実績】
A6: 科目 | J6: 金額
A7: 保育サービス推進事業補助金繰入金収入
A8: 収入計 （1） | J8: =J7 -> 0
A9: 当該施設（事業）に係る事務支出
A10: 事務職員給料支出
A11: [事務内容： ]
A12: 職員研修費支出
A13: その他の支出
A14: [内訳： ]
A15: 支出計 (2) | J15: =SUM(J9) -> 0
A17: 保育サービス推進事業補助金の繰入金収支 (3)＝(1)－(2) | K17: =J8-J15 -> 0
B72: 在籍児童数（平成 年4月1日時点）

Sheet 様式2-2（本部） 
A1: 様式２－２
A2: 【財務情報等の公表】
A3: 施設（事業）種別 | E3: =#REF! -> #REF! | F3: 設置主体 | G3: =#REF! -> #REF! | H3: 事業所名 | K3: =#REF! -> #REF!
A5: 保育力強化事業に係る補助金の法人本部における支出の状況【令和７年度実績】
A6: 科目 | J6: 金額
A7: 保育力強化事業補助金繰入金収入
A8: 収入計 （1） | J8: =J7 -> 0
A9: 当該施設（事業）に係る事務支出
A10: 事務職員給料支出
A11: [事務内容： ]
A12: 職員研修費支出
A13: その他の支出
A14: [内訳： ]
A15: 支出計 (2) | J15: =SUM(J9) -> 0
A17: 保育力強化事業補助金の繰入金収支 (3)＝(1)－(2) | K17: =J8-J15 -> 0
B72: 在籍児童数（平成 年4月1日時点）

Sheet 様式3-1（都提出Excel）認可・認定・家庭・小・居宅・事
A1: 様式３－１
A2: 【財務情報等の公表】 | R2: 入力チェック 空欄があるとエラー内容が表示されます。
A3: 施設（事業）種別 | E3: 認可保育所 | F3: 設置主体 | G3: 学校法人織田学園 | H3: 事業所名 | K3: おだ学園保育園 | R3: =IF(COUNTA(E3,G3,K3)=3,"","✖3行目に未入力のセルがあります。３つのセルをすべて入力してください")
A5: 施設（事業）の収支【令和７年度実績】
B6: 科目 | K6: 前年度 | N6: 交付対象年度
A7: 事業活動による収支 | B7: 給付費・委託費収入 | K7: 162296824 | N7: 169620452
B8: 保育士等キャリアアップ補助金収入 | K8: 8048000 | N8: 8451000
B9: 保育サービス推進事業補助金収入 | K9: 4158000 | N9: 6187000
B10: その他の補助金収入 | K10: 0 | N10: 0
B11: 利用料収入 | K11: 3142520 | N11: 4173606
B12: その他の収入（寄付金収入、雑収入等） | K12: 746978 | N12: 5846175
B13: 事業活動収入計 (1) | K13: =SUM(K7:M12) -> 178392322 | N13: =SUM(N7:P12) -> 194278233
B14: 人件費支出 | K14: =SUM(K15:M20) -> 132889519 | N14: =SUM(N15:P20) -> 146868826
B15: 職員給料支出 | K15: 67978837 | N15: 93311223
B16: 職員賞与支出 | K16: 10338009 | N16: 10646740
B17: 非常勤職員給与支出 | K17: 21087738 | N17: 19456177
B18: 派遣職員費支出 | K18: 12875626 | N18: 9723068
B19: 退職給付支出 | K19: 9595255 | N19: 0
B20: 法定福利費支出 | K20: 11014054 | N20: 13731618
B21: 事業費支出 | K21: =SUM(K22:M27) -> 12168266 | N21: =SUM(N22:P27) -> 14405630
B22: 給食費支出 | K22: 6035936 | N22: 6596611
B23: 保健衛生費支出 | K23: 72863 | N23: 77263
B24: 保育材料費支出 | K24: 898594 | N24: 850220
B25: 水道光熱費支出 | K25: 3443747 | N25: 3460789
B26: 消耗器具備品費支出 | K26: 1473225 | N26: 1125621
B27: その他の支出【賃借料・保険料 】 | K27: 243901 | N27: 2295126
B28: 事務費支出 | K28: =SUM(K29:M42) -> 27117086 | N28: =SUM(N29:P42) -> 24780827
B29: 福利厚生費支出 | K29: 289373 | N29: 411008
B30: 旅費交通費支出 | K30: 202816 | N30: 359818
B31: 研修研究費支出 | K31: 107207 | N31: 254128
B32: 事務消耗品費支出 | K32: 530489 | N32: 553329
B33: 印刷製本費支出 | K33: 84160 | N33: 80360
B34: 水道光熱費支出 | F34: 利用者負担金収入 | K34: 0 | N34: 0
B35: 修繕費支出 | K35: 2826760 | N35: 2135774
B36: 通信運搬費支出 | F36: 利用者負担金収入 | K36: 397284 | N36: 357280
B37: 広告費支出 | F37: 利用者負担金収入 | K37: 289500 | N37: 158600
B38: 業務委託費支出 | F38: 利用者負担金収入 | K38: 582685 | N38: 1238959
B39: 賃借料支出 | F39: 利用者負担金収入 | K39: 0 | N39: 0
B40: 土地・建物賃借料支出 | F40: 利用者負担金収入 | K40: 24171180 | N40: 22304915
B41: 租税公課支出 | F41: 利用者負担金収入 | K41: 4450 | N41: 1300
B42: その他の支出【出版物・諸会費・手数料・保険料・渉外費・被服費・雑支出・資金支出調整金勘定】 | F42: 利用者負担金収入 | K42: -2368818 | N42: -3074644
B43: 事業活動支出計 (2) | K43: =SUM(K14,K21,K28) -> 172174871 | N43: =SUM(N14,N21,N28) -> 186055283
B44: 事業活動資金収支差額 (3)＝(1)－(2) | K44: =K13-K43 -> 6217451 | N44: =N13-N43 -> 8222950
A46: 施設整備等による収支 | B46: 施設整備等補助金収入
B47: 設備資金借入金収入
B48: その他施設整備等による収入（寄附金収入、固定資産売却収入等） | K48: 0 | N48: 0
B49: 施設整備等収入計 (4) | K49: =SUM(K46:M48) -> 0 | N49: =SUM(N46:P48) -> 0
B50: 設備資金借入金元金償還支出
B51: 固定資産取得支出
B52: その他施設整備等による支出 | F52: 利用者負担金収入
B53: 施設整備等支出計 (5) | K53: =SUM(K50:M52) -> 0 | N53: =SUM(N50:P52) -> 0
B54: 施設整備等資金収支差額 (6)＝(4)－(5) | K54: =K49-K53 -> 0 | N54: =N49-N53 -> 0
A56: その他の活動による収支 | B56: 積立資産取崩収入
B57: 事業区分間・拠点区分間・サービス区分間繰入金収入
B58: その他の活動による収入
B59: その他の活動収入計 (7) | K59: =SUM(K56:M58) -> 0 | N59: =SUM(N56:P58) -> 0
B60: 積立資産支出
B61: 事業区分間・拠点区分間・サービス区分間繰入金支出
B62: その他の活動による支出 | K62: 1301398 | N62: 4459386
B63: その他の活動支出計 (8) | K63: =SUM(K60:M62) -> 1301398 | N63: =SUM(N60:P62) -> 4459386
B64: その他の活動資金収支差額 (9)＝(7)－(8) | K64: =K59-K63 -> -1301398 | N64: =N59-N63 -> -4459386
A66: 当期資金収支差額合計 (10)＝(3)＋(6)＋(9) | K66: =SUM(K44,K54,K64) -> 4916053 | N66: =SUM(N44,N54,N64) -> 3763564
A67: 前期末支払資金残高 (11) | K67: -23960151 | N67: -19044098
A68: 当期末支払資金残高 (10)＋(11) | K68: =SUM(K66:M67) -> -19044098 | N68: =SUM(N66:P67) -> -15280534
A70: 施設（事業）データ
B71: 項目 | K71: 前年度 | N71: 交付対象年度
B72: 利用定員 （4月1日時点） | K72: 60 | N72: 60 | R72: =IF(COUNTA(N72:P75,N78)=5,"","✖交付対象年度の5つのセルに未入力のセルがあります。5つのセルをすべて入力してください。")
B73: 在籍児童数 （4月1日時点） | K73: 59 | N73: 59
B74: 保育従事職員（※１）数 （4月1日時点） | K74: 35 | N74: 31 | R74: =IF(COUNTA(K72:M75,K78)=5,"","▲前年度の5つのセルに未入力のセルがあります。令和７年度開設施設は空欄で問題ありませんが、令和７年度開設ではない場合は、前年度の5つのセルを入力してください。")
B75: 職員の平均経験年数 | K75: 9 | N75: 10
B76: 事業活動収入 (1)・・・① | K76: =K13 -> 178392322 | N76: =N13 -> 194278233
B77: 人件費支出 | K77: =K14 -> 132889519 | N77: =N14 -> 146868826
B78: うち保育従事職員（※１）給与支出（※２）・・・② | K78: 106277981 | N78: 92878311
B79: 事業活動収入に対する保育従事職員（※１）給与支出（※２）の割合 ②÷①×100 | K79: =IFERROR(K78/K76,"") -> 0.59575423 | N79: =IFERROR(N78/N76,"") -> 0.47806854
C80: ※１「保育従事職員」 ： 副園長、保育士、子育て支援員、保育補助、調理員、看護師、准看護師、栄養士（非常勤職員を含む。）
C81: （施設長、事務長、事務職員、用務員は除く。）
C82: ※２「給与支出」：就業規則などにあらかじめ定められている支給条件、算定方法によって支給される現金給与額
C83: （基本給、手当、賞与（一時金）が該当。所得税、社会保険料などを控除する前の額。
C84: また、使用者の負担する法定福利費を含まない。)
C86: （備考）
D87: ・職員の平均勤続年数は、処遇改善等加算の平均勤続年数と同じ数を記入する。
D88: ・年度途中開設の場合、初年度の利用定員、在籍児童数、保育従事職員数は、開設日の数。
H90: 事業所名 | K90: =K3 -> おだ学園保育園
R100: 施設種別① （施設種類名） | S100: 施設名 | T100: 財務情報等の公表
T101: 事業活動による収支 | BG101: 施設整備等による収支 | BQ101: その他の活動による収支 | CA101: 当期資金 収支差額 | CB101: 前期末 支払資金 残高 | CC101: 当期末 支払資金 残高 | CD101: 施設データ
T102: 事業活動収入 | AA102: 事業活動支出 | BE102: 事業活動 資金収支 差額 | BG102: 施設整備等収入 | BK102: 施設整備等支出 | BO102: 施設整備等 資金収支 差額 | BQ102: その他の活動収入 | BU102: その他の活動支出 | BY102: その他の活動 資金収支 差額 | CD102: 定員 | CE102: 在籍 児童数 （30.4.1） | CF102: 保育従事 職員数 （30.4.1） | CG102: 職員の 平均 経験 年数 | CH102: 事業活動 収入 | CI102: 人件費支出 | CK102: 事業活動 収入に 占める 人件費支出 割合 ※自動計算 | CL102: 事業活動 収入に 占める 保育従事 職員給与 支出割合 ※自動計算
T103: 委託費収入 給付費・委託料収入 運営費補助金収入 | U103: （東京都） 保育士等 キャリアアップ 補助金収入 | V103: （東京都） 保育サービス 推進事業 保育力強化 事業 補助金収入 | W103: その他の 補助金収入 | X103: 利用料収入 | Y103: その他の収入 （寄付金収入、 雑収入等） | Z103: 計 | AA103: 人件費支出 | AH103: 事業費支出 | AO103: 事務費支出 | BD103: 計 | BG103: 施設整備等 補助金収入 | BH103: 設備資金 借入金収入 | BI103: その他 施設整備等 による収入 （寄附金収入、 固定資産売却 収入等） | BJ103: 計 | BK103: 設備資金 借入金元金 償還支出 | BL103: 固定資産 取得支出 | BM103: その他 施設整備等 による支出 | BN103: 計 | BQ103: 積立資産 取崩収入 | BR103: 事業区分間・ 拠点区分間・ サービス 区分間 繰入金収入 | BS103: その他の 活動による 収入 | BT103: 計 | BU103: 積立資産 支出 | BV103: 事業区分間・ 拠点区分間・ サービス 区分間 繰入金支出 | BW103: その他の 活動による 支出 | BX103: 計 | CJ103: うち保育 従事職員 給与支出
AA104: 計 | AB104: 職員給料 支出 | AC104: 職員賞与 支出 | AD104: 非常勤職員 給与支出 | AE104: 派遣職員費 支出 | AF104: 退職給付 支出 | AG104: 法定福利費 支出 | AH104: 計 | AI104: 給食費 支出 | AJ104: 保健衛生費 支出 | AK104: 保育材料費 支出 | AL104: 水道光熱費 支出 | AM104: 消耗器具 備品費支出 | AN104: その他の 支出 | AO104: 計 | AP104: 福利厚生費 支出 | AQ104: 旅費交通費 支出 | AR104: 研修研究費 支出 | AS104: 事務消耗品費 支出 | AT104: 印刷製本費 支出 | AU104: 水道光熱費 支出 | AV104: 修繕費 支出 | AW104: 通信運搬費 支出 | AX104: 広告費 支出 | AY104: 業務委託費 支出 | AZ104: 賃借料 支出 | BA104: 土地・建物 賃借料支出 | BB104: 租税公課 支出 | BC104: その他の 支出 | BF104: コピペ用 ブランク | BP104: コピペ用 ブランク | BZ104: コピペ用 ブランク
R105: =E3 -> 認可保育所 | S105: =K3 -> おだ学園保育園 | T105: =N7 -> 169620452 | U105: =N8 -> 8451000 | V105: =N9 -> 6187000 | W105: =N10 -> 0 | X105: =N11 -> 4173606 | Y105: =N12 -> 5846175 | Z105: =N13 -> 194278233 | AA105: =N14 -> 146868826 | AB105: =N15 -> 93311223 | AC105: =N16 -> 10646740 | AD105: =N17 -> 19456177 | AE105: =N18 -> 9723068 | AF105: =N19 -> 0 | AG105: =N20 -> 13731618 | AH105: =N21 -> 14405630 | AI105: =N22 -> 6596611 | AJ105: =N23 -> 77263 | AK105: =N24 -> 850220 | AL105: =N25 -> 3460789 | AM105: =N26 -> 1125621 | AN105: =N27 -> 2295126 | AO105: =N28 -> 24780827 | AP105: =N29 -> 411008 | AQ105: =N30 -> 359818 | AR105: =N31 -> 254128 | AS105: =N32 -> 553329 | AT105: =N33 -> 80360 | AU105: =N34 -> 0 | AV105: =N35 -> 2135774 | AW105: =N36 -> 357280 | AX105: =N37 -> 158600 | AY105: =N38 -> 1238959 | AZ105: =N39 -> 0 | BA105: =N40 -> 22304915 | BB105: =N41 -> 1300 | BC105: =N42 -> -3074644 | BD105: =N43 -> 186055283 | BE105: =N44 -> 8222950 | BG105: =N46 -> 0 | BH105: =N47 -> 0 | BI105: =N48 -> 0 | BJ105: =N49 -> 0 | BK105: =N50 -> 0 | BL105: =N51 -> 0 | BM105: =N52 -> 0 | BN105: =N53 -> 0 | BO105: =N54 -> 0 | BQ105: =N56 -> 0 | BR105: =N57 -> 0 | BS105: =N58 -> 0 | BT105: =N59 -> 0 | BU105: =N60 -> 0 | BV105: =N61 -> 0 | BW105: =N62 -> 4459386 | BX105: =N63 -> 4459386 | BY105: =N64 -> -4459386 | CA105: =N66 -> 3763564 | CB105: =N67 -> -19044098 | CC105: =N68 -> -15280534 | CD105: =N72 -> 60 | CE105: =N73 -> 59 | CF105: =N74 -> 31 | CG105: =N75 -> 10 | CH105: =N76 -> 194278233 | CI105: =N77 -> 146868826 | CJ105: =N78 -> 92878311

Sheet モデル賃金 様式1（HP掲載PDF作成用）
A1: 様式１
A2: 【モデル賃金等の公表】
A4: 施設種別 | C4: =IF('[1]②賃金改善確認書（キャリアアップ補助金Ⅰ）'!P8="","",'[1]②賃金改善確認書（キャリアアップ補助金Ⅰ）'!P8) -> 認可保育所 | E4: 設置主体 | F4: =IF('[1]②賃金改善確認書（キャリアアップ補助金Ⅰ）'!G11="","",'[1]②賃金改善確認書（キャリアアップ補助金Ⅰ）'!G11) -> 織田学園 | G4: 事業所名 | H4: =IF('[1]②賃金改善確認書（キャリアアップ補助金Ⅰ）'!G9="","",'[1]②賃金改善確認書（キャリアアップ補助金Ⅰ）'!G9) -> おだ学園保育園
A6: １ 施設における保育士のモデル賃金
H7: （単位：円） | K7: 入力エラー値
B8: 経験年数 | C8: 職層 | E8: 給料月額 | G8: 諸手当 | H8: 例月給与 | K8: 給料月額
F9: 内、技能・経験に応じた処遇改善の額 | L9: 内、技能・経験に応じた処遇改善の額
B10: 2 | C10: 保育士 | E10: 286500 | F10: 5000 | G10: 25000 | H10: =E10+G10 -> 311500 | K10: =E10 -> 286500 | L10: =F10 -> 5000
B11: 6 | C11: リーダー | E11: 333850 | F11: 10000 | G11: 25000 | H11: =E11+G11 -> 358850 | K11: =E11 -> 333850 | L11: =F11 -> 10000
B12: 9 | C12: 副主任 | E12: 344878 | F12: 40000 | G12: 25000 | H12: =E12+G12 -> 369878 | K12: =E12 -> 344878 | L12: =F12 -> 40000
B13: ※ 記載するモデル賃金は、各施設の実情に応じて職層、経験年数等により記載すること。 また、上記の項目等を記載した任意の様式や施設の賃金表等の提出に代えることも差し支えない。
A16: ２ 施設における職員1人当り賃金月額
F17: （単位：円）
B18: 保育従事者 | F18: 保育従事者以外 （Ｃ）
B19: 常勤職員 （Ａ） | D19: 非常勤職員 （Ｂ）
B20: ='[1]③実績報告書（別表４ 第１号様式）'!Q28 -> 522705 | D20: ='[1]③実績報告書（別表４ 第１号様式）'!Q46 -> 231976 | F20: ='[1]③実績報告書（別表４ 第１号様式）'!Q64 -> 471045
B21: ※ （Ａ）欄は交付要綱別表４第１号様式又は第２号様式（以下「賃金改善実績報告書」という。）（２）ア ⑥の金額、（Ｂ）欄は賃金改善実績報告書（２）イ⑥の金額、（Ｃ）欄は賃金改善実績報告書（３）⑥の 金額をそれぞれ転記すること。 ※ 常勤職員が２名以下の場合、非常勤職員が２名以下の場合及び保育従事者以外の職員が２名 以下の場合は、記載不要。

Sheet リスト
A1: 様式 | B1: 2名以下 | C1: 法人 | D1: 行政提出 | E1: 施設（事業）種別
A2: 1-1 | B2: 1-3 | C2: 2-1 | D2: 3-1 | E2: 認可保育所
E3: 認定こども園
E4: 家庭的保育事業
E5: 小規模保育事業
E6: 居宅訪問型保育事業
E7: 事業所内保育事業
A8: 1-2 | B8: 1-4 | C8: 2-2 | D8: 3-2 | E8: 認証保育所
E9: 家庭的保育事業 (都制度)
E10: 定期利用保育事業
A11: 1-5 | B11: 1-6 | D11: 3-3 | E11: 病児保育事業
